 Dungeon Crawl Stone Soup version 0.27-a0-1137-g3ef0f4ec91 (webtiles) character file.

Game seed: 582791860157814763

32 senseless the Skirmisher (level 3, -13/29 HPs)
             Began as a Demonspawn Abyssal Knight on May 6, 2021.
             Was a Follower of Lugonu.
             Mangled by Crazy Yiuf
             ... wielding a +3 quarterstaff of chaos
              (16 damage)
             ... on level 2 of the Dungeon.
             The game lasted 00:04:18 (1175 turns).

senseless the Skirmisher (DsAK)                     Turns: 1175, Time: 00:04:19

Health: -13/29     AC:  4    Str: 13    XL:     3   Next: 10%
Magic:  5/5        EV: 11    Int: 13    God:    Lugonu [*.....]
Gold:   35         SH:  0    Dex: 12    Spells: 2/2 levels left

rFire    . . .     SeeInvis .   a - +1 mace
rCold    . . .     Faith    .   (no shield)
rNeg     . . .     Spirit   .   b - +1 leather armour
rPois    .         Reflect  .   (no helmet)
rElec    .         Harm     .   (no cloak)
rCorr    .         Rampage  .   (no gloves)
Will     .....                  (no boots)
Stlth    +.........             (no amulet)
HPRegen  0.09/turn              (no ring)
MPRegen  0.09/turn              (no ring)

@: hasted, very quick
A: powered by death 1
a: Renounce Religion, Depart the Abyss


You were on level 2 of the Dungeon.
You worshipped Lugonu.
Lugonu was aware of your devotion.
You visited 1 branch of the dungeon, and saw 2 of its levels.
You visited the Abyss 1 time.

You collected 35 gold pieces.

Inventory:

Hand Weapons
 a - a +1 mace (weapon)
 h - a +2 dagger of pain
Armour
 b - a +1 leather armour (worn)
Scrolls
 d - a scroll of identify {unknown}
 e - a scroll of enchant weapon {unknown}
 g - a scroll of enchant armour
 k - a scroll of immolation {unknown}
Potions
 c - 3 potions of brilliance {unknown}
 f - 2 potions of magic {unknown}


   Skills:
 + Level 3.4 Fighting
 + Level 2.2 Maces & Flails
 + Level 2.1 Armour
 + Level 1.3 Dodging
 + Level 2.7 Invocations


You had 2 spell levels left.
You didn't know any spells.
Your spell library contained the following spells:

 Spells                   Type           Power      Damage    Failure   Level
 Magic Dart               Conj           0%         1d3       36%         1
 Blink                    Tloc           N/A        N/A       52%         2
 Call Imp                 Summ           0%         N/A       52%         2
 Slow                     Hex            0%         N/A       52%         2
 Conjure Flame            Conj/Fire      0%         6-21      75%         3
 Mephitic Cloud           Conj/Pois/Air  0%         N/A       75%         3


Dungeon Overview and Level Annotations

Branches:
Dungeon (2/15)

Altars:

Annotations:
D:2 Crazy Yiuf


Innate Abilities, Weirdness & Mutations

You regenerate a little health from kills.


Message History

Things that are here:
a +0 club; a kobold corpse You hit the hobgoblin.
You kill the hobgoblin!
Lugonu accepts your kill.
No target in view!
k - a scroll labelled IPOP XUEFURCH
Found a stone staircase leading up.
Found 11 arrows.
A bat comes into view.
You hit the bat.
You kill the bat!
Lugonu accepts your kill.
No target in view!
There is a stone staircase leading up here.
Found a mace.
Found a runed translucent door.
Crazy Yiuf shouts!
It was a potion of curing.
You feel better.
It was a potion of haste.
You feel yourself speed up.
You open the door. You completely miss Crazy Yiuf. Crazy Yiuf misses you.
You closely miss Crazy Yiuf.
Crazy Yiuf hits you with a +3 quarterstaff of chaos!
You barely miss Crazy Yiuf. Crazy Yiuf misses you.
You barely miss Crazy Yiuf. Crazy Yiuf barely misses you.
You hit Crazy Yiuf but do no damage.
Crazy Yiuf sings, "Trees, trees, trees, circus!"
Crazy Yiuf hits you with a +3 quarterstaff of chaos.
Crazy Yiuf burns you.
You barely miss Crazy Yiuf.
Crazy Yiuf cries, "Hack shoe toodlewoodle!"
Crazy Yiuf hits you with a +3 quarterstaff of chaos!
* * * LOW HITPOINT WARNING * * *
Crazy Yiuf freezes you.
* * * LOW HITPOINT WARNING * * *
You hit Crazy Yiuf but do no damage. You barely miss Crazy Yiuf.
Crazy Yiuf hits you with a +3 quarterstaff of chaos!
Ouch! That really hurt!
You die...

. #..#####..###
.. ##.## #....#
..######..#
#..PP#
.........##
##.P.#
........## ##.##
........####
##.#
...........#
#.##
........####
##.# ...>....#
#@##
#....####### #g#
#....##....# ...
...........#
#...#
....###....#
#)..#
....###....#
#####
#..........#
#...###....#####
##.#...........#


You could see Crazy Yiuf.

Vanquished Creatures
  4 ball pythons (D:1)
  4 bats
  3 endoplasms (D:1)
  A giant cockroach (D:1)
  5 hobgoblins
  2 jackals (D:1)
  A frilled lizard (D:2)
  2 goblins (D:1)
  5 kobolds
  2 rats (D:2)
29 creatures vanquished.

Vanquished Creatures (others)
  5 starspawn tentacles (Abyss:1)
5 creatures vanquished.

Grand Total: 34 creatures vanquished

Notes
Turn   | Place    | Note
-------+----------+-------------------------------------------
     0 | Abyss:1  | senseless the Demonspawn Abyssal Knight began the quest for
                  | the Orb.
     0 | Abyss:1  | Reached XP level 1. HP: 18/18 MP: 2/2
    54 | Abyss:1  | Noticed a tentacled starspawn
    83 | Abyss:1  | Noticed a small abomination
    84 | Abyss:1  | Noticed a small abomination
    88 | Abyss:1  | Noticed a small abomination
    94 | D:1      | Escaped the Abyss
   384 | D:1      | Reached * piety under Lugonu
   385 | D:1      | Gained mutation: You regenerate a little health from kills.
                  | [demonic ancestry]
   385 | D:1      | Reached XP level 2. HP: 24/24 MP: 4/4
   719 | D:1      | Reached skill level 1 in Dodging
  1019 | D:2      | Reached XP level 3. HP: 29/29 MP: 5/5
  1161 | D:2      | Found a runed translucent door.
  1162 | D:2      | Noticed Crazy Yiuf
  1175 | D:2      | Mangled by Crazy Yiuf

Illustrated notes

Levels and vault maps discovered:
D:1:      psy_arrival_whirlpool, layout_basic
D:2:      layout_rooms, uniq_crazy_yiuf_cottage

Skill      XL: |  1  2 |
---------------+-------+-----
Maces & Flails | 2 |  2.2
Armour         | 2 |  2.1
Dodging        | 1 |  1.3
Fighting       | |  3.4
Invocations    | |  2.7

Action                   || total
-------------------------++-------
Melee: Mace              ||    73
Invok: Depart the Abyss  ||     1
  Use: Scroll            ||     5
       Potion            ||     2
Armor: Leather armour    ||    22
Dodge: Dodged            ||    50

Table legend: (Time is in decaauts)
 A = Elapsed time spent in this place.
 B = Non-inter-level travel time spent in this place.
 C = Inter-level travel time spent in this place.
 D = Time resting spent in this place.
 E = Time spent auto-exploring this place.
 F = Levels seen in this place.
 G = Mean time per level.
                   A        B        C        D        E       F      G
               +--------+--------+--------+--------+--------+-----+--------+
         Total |   1196 |   1186 |     10 |      0 |    945 |   3 |  398.7 |
       Dungeon |   1100 |   1090 |     10 |      0 |    889 |   2 |  550.0 |
         Abyss |     95 |     95 |      0 |      0 |     55 |   1 |   95.0 |
               +--------+--------+--------+--------+--------+-----+--------+

Top non-repeatable levels by time:
     D:1: 927 daAuts
     D:2: 172 daAuts
 Abyss:1: 95 daAuts
